 Dungeon Crawl Stone Soup version 0.24.0-37-gcf1ca852f1 (webtiles) character file.

Game seed: 371110467563823316, levelgen mode: deterministic

107 lepoulpe303 the Distorting Demonspawn (level 4, 0/37 HPs)
             Began as a Demonspawn Abyssal Knight on Nov 26, 2019.
             Was a Believer of Lugonu.
             Slain by an orc wizard
             ... wielding a +0 dagger
              (4 damage)
             ... on level 2 of the Dungeon.
             The game lasted 00:08:43 (3383 turns).

lepoulpe303 the Distorting Demonspawn (DsAK)        Turns: 3383, Time: 00:08:43

Health: 0/37       AC:  4    Str: 14    XL:     4   Next: 56%
Magic:  7/7        EV: 11    Int: 13    God:    Lugonu [**....]
Gold:   141        SH:  0    Dex: 12    Spells: 2/3 levels left

rFire    . . .     SeeInvis .   a - +1 spear
rCold    . . .     Gourm    .   (no shield)
rNeg     . . .     Faith    .   h - +0 leather armour
rPois    .         Spirit   .   (helmet restricted)
rElec    .         Reflect  .   (no cloak)
rCorr    .         Harm     .   (no gloves)
MR       .....                  o - +0 pair of boots
Stlth    +.........             (no amulet)
HPRegen  0.12/turn              (no ring)
MPRegen  0.10/turn              (no ring)

@: no status effects
A: horns 1
a: Depart the Abyss, Bend Space, Renounce Religion


You were on level 2 of the Dungeon.
You worshipped Lugonu.
Lugonu was pleased with you.
You were hungry.

You visited 1 branch of the dungeon, and saw 3 of its levels.
You visited the Abyss 1 time.

You collected 141 gold pieces.

Inventory:

Hand Weapons
 a - a +1 spear (weapon)
 b - a +0 hunting sling
Missiles
 r - 18 sling bullets
 Q - 65 stones (quivered)
Armour
 h - a +0 leather armour (worn)
 o - a +0 pair of boots (worn)
Jewellery
 l - an uncursed amulet of the acrobat {unknown}
 m - an uncursed ring of ice {unknown}
Scrolls
 d - 3 scrolls of identify {unknown}
 f - a scroll of teleportation {unknown}
 i - 2 scrolls of enchant weapon {unknown}
 p - a scroll of remove curse {unknown}
 q - a scroll of fog {unknown}
Potions
 c - a potion of degeneration {unknown}
 j - a potion of flight {unknown}
 k - a potion of mutation {unknown}
Comestibles
 e - 3 rations


   Skills:
 * Level 3.7 Fighting
 * Level 2.5 Polearms
 + Level 2.2 Armour
 + Level 1.3 Dodging
 * Level 4.0 Invocations


You had 2 spell levels left.
You knew the following spells:

 Your Spells              Type           Power        Failure   Level  Hunger
a - Infusion              Chrm           #...         36%         1    ##.....

Your spell library contained the following spells:

 Spells                   Type           Power        Failure   Level  Hunger
 Shroud of Golubria       Chrm/Tloc      #.....       50%         2    ###....
 Song of Slaying          Chrm           #.......     50%         2    ###....
 Regeneration             Chrm/Necr      #.........   75%         3    ####...
 Spectral Weapon          Hex/Chrm       #.......     75%         3    ####...


Dungeon Overview and Level Annotations

Branches:
Dungeon (3/15)

Altars:


Innate Abilities, Weirdness & Mutations

You have a pair of small horns on your head.


Message History

You take 8 damage, and have 19/37 hp.
MASSIVE DAMAGE!!
You climb upwards.
There is a stone staircase leading down here.
You completely miss the orc wizard.
The orc wizard hits you with a +0 dagger.
* * * LOW HITPOINT WARNING * * *
The orc wizard barely misses you.
You take 4 damage, and have 15/37 hp.
You hit the orc wizard.
The orc wizard points at you and mumbles some strange words.
The puff of frost hits you!
* * * LOW HITPOINT WARNING * * *
You take 11 damage, and have 4/37 hp.
MASSIVE DAMAGE!!
Okay, then.
Okay, then.
It was a potion of cancellation.
You feel magically purged.
The orc wizard hits you with a +0 dagger.
You die...

......###.......#####............
......##.....##..................
.........##..###...###......#....
....#.####.......### ##......####
.............###...# ########
######..<......#...# #
#.......#.....# #.......###.o.#
#.......# #@..# #.......# #####
#.......# #.......# #.......#
#########


You could see an orc wizard.

Levels and vault maps discovered:
D:1:      onia_arrival_pyramid, layout_basic
D:2:      layout_rooms
D:3:      layout_basic, serial_forest, infiniplex_forest_3_way,
          infiniplex_forest_end_1, infiniplex_forest_clump_long,
          infiniplex_forest_end_2, infiniplex_forest_clump_curved,
          infiniplex_forest_corner_1, infiniplex_forest_zigzag_2,
          grunt_ministairs_11, minmay_quadrilaterals, uniq_sigmund

Notes
Turn   | Place    | Note
-------+----------+-------------------------------------------
     0 | Abyss:1  | lepoulpe303 the Demonspawn Abyssal Knight began the quest
                  | for the Orb.
     0 | Abyss:1  | Reached XP level 1. HP: 18/18 MP: 2/2
     6 | Abyss:1  | Found a corrupted altar of Lugonu.
    31 | Abyss:1  | Noticed a large abomination
    36 | Abyss:1  | Noticed a large abomination
    42 | D:1      | Escaped the Abyss
    66 | D:1      | Identified a +0 club
   272 | D:1      | Identified a +0 dagger
   276 | D:1      | Reached skill level 1 in Dodging
   366 | D:1      | Identified a +0 dagger
   565 | D:1      | Reached skill level 2 in Polearms
   565 | D:1      | Gained mutation: You have a pair of small horns on your
                  | head. [demonic ancestry]
   565 | D:1      | Reached XP level 2. HP: 23/24 MP: 4/4
   615 | D:1      | Reached * piety under Lugonu
   714 | D:1      | Identified a +0 club
   837 | D:1      | Reached skill level 3 in Invocations
  1003 | D:1      | Identified a +0 club
  1009 | D:1      | Reached XP level 3. HP: 29/29 MP: 5/5
  1009 | D:1      | Identified a +0 club
  1267 | D:2      | Learned a level 1 spell: Infusion
  1292 | D:2      | Reached skill level 2 in Armour
  1727 | D:2      | Identified a +0 club
  1795 | D:2      | Reached ** piety under Lugonu
  2104 | D:2      | Reached XP level 4. HP: 27/36 MP: 6/6
  2385 | D:2      | Identified a +0 hunting sling (You found it on level 2 of
                  | the Dungeon)
  2650 | D:3      | Identified a +1 spear
  2745 | D:3      | Identified a +0 club
  2750 | D:3      | HP: 9/37 [poisoned by an adder]
  3094 | D:3      | Identified a +0 dagger
  3110 | D:3      | Identified a +0 pair of boots (You found it on level 3 of
                  | the Dungeon)
  3270 | D:3      | Identified a +0 mace
  3270 | D:3      | Identified a +0 hunting sling
  3275 | D:3      | Identified a +0 club
  3278 | D:3      | Reached skill level 4 in Invocations
  3316 | D:3      | Identified a +0 flail
  3316 | D:3      | Identified a +0 ring mail
  3316 | D:3      | Identified a +0 mace
  3317 | D:3      | Identified a +0 dagger
  3317 | D:3      | Identified a +0 robe
  3318 | D:3      | Identified a +0 mace
  3318 | D:3      | Identified a +0 scale mail
  3382 | D:2      | HP: 4/37 [orc wizard/puff of frost (12)]
  3383 | D:2      | Identified a potion of cancellation
  3383 | D:2      | Slain by an orc wizard

Table legend:
 A = Turns spent in this place as a percentage of turns spent in the entire game.
 B = Non-inter-level travel turns spent in this place as a percentage of non-inter-level travel turns spent in the entire game.
 C = Inter-level travel turns spent in this place as a percentage of turns spent in this place.
 D = Turns resting spent in this place as a percentage of non-inter-level travel turns spent in this place.
 E = Turns spent auto-exploring this place as a percentage of non-inter-level travel turns spent in this place.
 F = Non-inter-level travel turns spent in this place divided by the number of levels of this place that you've seen.
                   A       B       C       D       E      F
               +-------+-------+-------+-------+-------+----------------------
         Total | 100.0 | 100.0 |   6.9 |  40.6 |  40.8 | 787.8
       Dungeon |  98.8 |  98.7 |   6.9 |  41.1 |  41.3 | 1036.3
         Abyss |   1.2 |   1.3 |   0.0 |   0.0 |   0.0 |  42.0
               +-------+-------+-------+-------+-------+----------------------

Table legend:
 A = Kills in this place as a percentage of kills in entire the game.
 B = Kills by you in this place as a percentage of kills by you in the entire game.
 C = Kills by friends in this place as a percentage of kills by friends in the entire game.
 D = Other kills in this place as a percentage of other kills in the entire game.
 E = Experience gained in this place as a percentage of experience gained in the entire game.
 F = Experience gained in this place divided by the number of levels of this place that you have seen.
                   A       B       C       D       E      F
               +-------+-------+-------+-------+-------+----------------------
         Total | 100.0 | 100.0 |   N/A |   N/A | 100.0 |  38.2
       Dungeon | 100.0 | 100.0 |   N/A |   N/A | 100.0 |  51.0
               +-------+-------+-------+-------+-------+----------------------

Skill      XL: |  1  2  3  4 |
---------------+-------------+-----
Dodging        | 1 |  1.3
Polearms       | 2 |  2.5
Invocations    | 3 4 |  4.0
Armour         | 2 |  2.2
Fighting       | |  3.7

Action                   |  1- 3 |  4- 6 || total
-------------------------+-------+-------++-------
Melee: Spear             |   186 |    44 ||   230
       Headbutt          |    10 |     4 ||    14
 Fire: Hunting sling     |       |    28 ||    28
Throw: Stone             |       |     2 ||     2
Invok: Depart the Abyss  |     1 |       ||     1
  Use: Potion            |       |     1 ||     1
  Eat: Chunk             |     4 |       ||     4
       Ration            |       |     1 ||     1
Armor: Leather armour    |    43 |    16 ||    59
Dodge: Dodged            |    72 |    24 ||    96

Vanquished Creatures
  2 adders
  4 worms
  A dart slug (D:1)
  4 leopard geckos (D:2)
  2 orcs (D:3)
  4 giant cockroaches
  12 hobgoblins
  8 jackals
  5 kobolds
  A quokka (D:3)
  9 bats
  3 frilled lizards
  4 goblins
  4 rats
63 creatures vanquished.
